1961 views
Uploaded 2023-05-12 16:26:26
Game version 1.36 (6115)
10:21 long 4on4 ladder game on (8)Feralas_S2
Saved by DKnight
1961 views
Uploaded 2023-05-12 16:26:26
Game version 1.36 (6115)
10:21 long 4on4 ladder game on (8)Feralas_S2

101 units @ 11.8k
/ 0.8k
45 buildings @ 7.1k
/ 2.4k

| Wisp | 27 | 1620 | / | 0 |
| Archer | 8 | 1040 | / | 80 |
| Huntress | 5 | 975 | / | 100 |
| Forest Troll Shadow Priest | 1 | 195 | / | 10 |
| Forest Troll Berserker | 1 | 245 | / | 30 |
| total: | 42 | 4075g | / | 220w |
| Ancient of War | 2 | 300 | / | 120 |
| Altar of Elders | 1 | 180 | / | 50 |
| Moon Well | 4 | 720 | / | 160 |
| Ancient of Wonders | 1 | 90 | / | 30 |
| Tree of Life | 1 | 340 | / | 185 |
| Hunter's Hall | 1 | 210 | / | 100 |
| Tree of Ages | 1 | 320 | / | 180 |
| total: | 10 | 1840g | / | 645w |
| 0:03 | Wisp |
| 0:03 | Wisp |
| 0:14 | Ancient of War |
| 0:16 | Wisp |
| 0:21 | Altar of Elders |
| 0:30 | Moon Well |
| 0:37 | Wisp |
| 0:42 | Wisp |
| 0:42 | Wisp |
| 0:42 | Wisp |
| 0:50 | Wisp |
| 0:55 | Wisp |
| 0:55 | Wisp |
| 1:01 | Wisp |
| 1:01 | Wisp |
| 1:01 | Wisp |
| 1:07 | Wisp |
| 1:07 | Wisp |
| 1:26 | Archer |
| 1:44 | Moon Well |
| 1:51 | Archer |
| 2:06 | Ancient of Wonders |
| 2:13 | Archer |
| 2:19 | Wisp |
| 2:19 | Wisp |
| 2:29 | Wisp |
| 2:37 | Archer |
| 2:46 | Black Arrow |
| 2:54 | Moon Well |
| 3:33 | Archer |
| 3:52 | Ancient of War |
| 4:09 | Tree of Life |
| 4:31 | Life Drain |
| 4:32 | Archer |
| 4:35 | Wisp |
| 4:35 | Wisp |
| 4:43 | Archer |
| 4:49 | Moon Well |
| 5:12 | Archer |
| 5:23 | Hunter's Hall |
| 5:32 | Forest Troll Shadow Priest |
| 5:39 | Black Arrow |
| 5:58 | Forest Troll Berserker |
| 6:53 | Strength of the Moon |
| 6:54 | Huntress |
| 7:14 | Life Drain |
| 7:20 | Wisp |
| 7:20 | Wisp |
| 7:20 | Wisp |
| 7:20 | Wisp |
| 7:20 | Wisp |
| 7:38 | Huntress |
| 8:03 | Huntress |
| 8:10 | Huntress |
| 8:50 | Black Arrow |
| 9:22 | Huntress |
| 9:23 | Moon Armor |
| 9:24 | Tree of Ages |
| 9:28 | Wisp |
| 9:32 | Wisp |
| Right click | 304 |
| Select | 166 |
| Select group | 135 |
| Build/train/purchase | 59 |
| Assign group | 19 |
| Misc. action | 11 |
| Use ability | 6 |
| Esc | 4 |
| Minimap ping | 1 |


| Potion of Mana | 1 | 200 |
| total: | 1 | 200g |
| Peasant | 11 | 825 | / | 0 |
| Rifleman | 4 | 820 | / | 120 |
| Priest | 3 | 405 | / | 30 |
| total: | 18 | 2050g | / | 150w |
| Scout Tower | 3 | 90 | / | 60 |
| Arcane Tower | 2 | 140 | / | 100 |
| Guard Tower | 1 | 70 | / | 50 |
| Blacksmith | 1 | 140 | / | 60 |
| Barracks | 1 | 160 | / | 60 |
| Altar of Kings | 1 | 180 | / | 50 |
| Farm | 6 | 480 | / | 120 |
| Lumber Mill | 1 | 120 | / | 0 |
| Town Hall | 1 | 385 | / | 205 |
| Arcane Vault | 1 | 130 | / | 30 |
| Arcane Sanctum | 1 | 150 | / | 140 |
| Keep | 1 | 320 | / | 210 |
| Castle | 1 | 360 | / | 210 |
| total: | 16 | 1835g | / | 725w |
| 0:04 | Peasant |
| 0:04 | Peasant |
| 0:04 | Peasant |
| 0:05 | Peasant |
| 0:21 | Blacksmith |
| 0:36 | Barracks |
| 0:51 | Altar of Kings |
| 0:58 | Peasant |
| 1:07 | Farm |
| 1:10 | Peasant |
| 1:22 | Farm |
| 1:44 | Rifleman |
| 1:51 | Peasant |
| 2:04 | Peasant |
| 2:19 | Rifleman |
| 2:33 | Farm |
| 2:40 | Lumber Mill |
| 2:58 | Summon Water Elemental |
| 3:14 | Keep |
| 3:44 | Improved Lumber Harvesting |
| 3:58 | Brilliance Aura |
| 4:09 | Town Hall |
| 4:12 | Scout Tower |
| 4:22 | Arcane Vault |
| 4:32 | Rifleman |
| 4:44 | Arcane Tower |
| 4:48 | Scout Tower |
| 5:01 | Farm |
| 5:13 | Guard Tower |
| 5:16 | Scout Tower |
| 5:48 | Farm |
| 6:17 | Advanced Lumber Harvesting |
| 6:23 | Peasant |
| 6:30 | Long Rifles |
| 6:44 | Storm Bolt |
| 6:49 | Peasant |
| 6:52 | Farm |
| 6:57 | Potion of Mana |
| 7:00 | Arcane Tower |
| 7:03 | Peasant |
| 7:18 | Arcane Sanctum |
| 7:39 | Brilliance Aura |
| 8:12 | Priest Adept Training |
| 8:36 | Castle |
| 9:53 | Rifleman |
| 9:55 | Priest |
| 9:55 | Priest |
| 9:56 | Priest |
| 10:01 | Black Gunpowder |
| 10:01 | Studded Leather Armor |
| Right click | 200 |
| Select group | 133 |
| Select | 121 |
| Build/train/purchase | 50 |
| Assign group | 14 |
| Chat | 11 |
| Use ability | 1 |

| Healing Salve | 3 | 300 |
| Lesser Clarity Potion | 2 | 140 |
| Scroll of Speed | 1 | 50 |
| Boots of Speed | 1 | 250 |
| Circlet of Nobility | 1 | 175 |
| total: | 8 | 915g |
| Peon | 12 | 900 | / | 0 |
| Grunt | 10 | 2000 | / | 0 |
| total: | 22 | 2900g | / | 0w |
| Altar of Storms | 1 | 180 | / | 50 |
| Orc Burrow | 3 | 480 | / | 120 |
| Barracks | 1 | 180 | / | 50 |
| Voodoo Lounge | 1 | 130 | / | 30 |
| Great Hall | 1 | 385 | / | 185 |
| War Mill | 1 | 205 | / | 0 |
| Stronghold | 1 | 315 | / | 190 |
| total: | 8 | 1560g | / | 435w |
| 0:03 | Peon |
| 0:03 | Peon |
| 0:08 | Altar of Storms |
| 0:11 | Orc Burrow |
| 0:25 | Peon |
| 0:39 | Barracks |
| 0:52 | Peon |
| 1:02 | Peon |
| 1:14 | Peon |
| 1:20 | Peon |
| 1:32 | Orc Burrow |
| 1:39 | Peon |
| 1:47 | Grunt |
| 2:04 | Voodoo Lounge |
| 2:16 | War Stomp |
| 2:23 | Grunt |
| 2:42 | Grunt |
| 2:56 | Orc Burrow |
| 3:30 | Grunt |
| 3:47 | Endurance Aura |
| 3:51 | Grunt |
| 3:55 | Healing Salve |
| 3:55 | Lesser Clarity Potion |
| 4:02 | Healing Salve |
| 4:45 | Grunt |
| 5:13 | Great Hall |
| 5:22 | Boots of Speed |
| 5:39 | Endurance Aura |
| 6:29 | Grunt |
| 6:29 | Grunt |
| 6:31 | Stronghold |
| 6:53 | Grunt |
| 6:58 | War Stomp |
| 7:19 | Grunt |
| 7:32 | Healing Salve |
| 7:38 | Lesser Clarity Potion |
| 7:42 | Scroll of Speed |
| 8:01 | Circlet of Nobility |
| 9:10 | Berserker Strength |
| 9:12 | Pillage |
| 9:15 | War Mill |
| 9:18 | Peon |
| 9:18 | Peon |
| 9:18 | Peon |
| 9:18 | Peon |
| Right click | 212 |
| Select | 137 |
| Build/train/purchase | 50 |
| Chat | 19 |
| Use ability | 14 |
| Assign group | 2 |
| Select group | 2 |
| Remove unit | 1 |
| Minimap ping | 1 |


| Rod of Necromancy | 2 | 300 |
| total: | 2 | 300g |
| Acolyte | 8 | 600 | / | 0 |
| Ghoul | 2 | 240 | / | 0 |
| Crypt Fiend | 6 | 1290 | / | 240 |
| Obsidian Statue | 2 | 400 | / | 70 |
| Abomination | 1 | 240 | / | 70 |
| total: | 19 | 2770g | / | 380w |
| Spirit Tower | 2 | 290 | / | 80 |
| Crypt | 1 | 200 | / | 50 |
| Graveyard | 1 | 215 | / | 0 |
| Altar of Darkness | 1 | 180 | / | 50 |
| Ziggurat | 4 | 600 | / | 200 |
| Tomb of Relics | 1 | 130 | / | 30 |
| Necropolis | 1 | 225 | / | 0 |
| Slaughterhouse | 2 | 280 | / | 270 |
| Halls of the Dead | 2 | 640 | / | 420 |
| Black Citadel | 2 | 650 | / | 460 |
| total: | 11 | 1830g | / | 600w |
| 0:02 | Acolyte |
| 0:02 | Acolyte |
| 0:06 | Crypt |
| 0:34 | Graveyard |
| 0:49 | Altar of Darkness |
| 0:57 | Ziggurat |
| 1:09 | Ghoul |
| 1:23 | Tomb of Relics |
| 1:42 | Ziggurat |
| 1:50 | Ghoul |
| 2:11 | Crypt Fiend |
| 2:39 | Crypt Fiend |
| 2:50 | Rod of Necromancy |
| 2:55 | Death Coil |
| 3:04 | Acolyte |
| 3:22 | Crypt Fiend |
| 4:09 | Unholy Aura |
| 4:20 | Halls of the Dead |
| 4:29 | Necropolis |
| 4:47 | Crypt Fiend |
| 6:07 | Acolyte |
| 6:07 | Acolyte |
| 6:08 | Acolyte |
| 6:10 | Crypt Fiend |
| 6:12 | Death Coil |
| 6:22 | Rod of Necromancy |
| 6:28 | Ziggurat |
| 6:29 | Acolyte |
| 6:52 | Burrow |
| 6:52 | Black Citadel |
| 7:54 | Slaughterhouse |
| 7:59 | Death Pact |
| 8:24 | Crypt Fiend |
| 8:26 | Creature Attack |
| 8:30 | Frost Nova |
| 8:37 | Ziggurat |
| 8:38 | Acolyte |
| 8:39 | Spirit Tower |
| 9:12 | Obsidian Statue |
| 9:30 | Slaughterhouse |
| 9:35 | Creature Carapace |
| 10:03 | Obsidian Statue |
| 10:06 | Death Coil |
| 10:07 | Abomination |
| Right click | 504 |
| Select group | 469 |
| Select | 187 |
| Build/train/purchase | 74 |
| Misc. action | 46 |
| Assign group | 29 |
| Use ability | 13 |
103 units @ 10.6k
/ 0.7k
66 buildings @ 7.8k
/ 3.1k

| Peasant | 19 | 1425 | / | 0 |
| Rifleman | 5 | 1025 | / | 150 |
| total: | 24 | 2450g | / | 150w |
| Scout Tower | 4 | 120 | / | 80 |
| Arcane Tower | 1 | 70 | / | 50 |
| Guard Tower | 1 | 70 | / | 50 |
| Altar of Kings | 1 | 180 | / | 50 |
| Farm | 5 | 400 | / | 100 |
| Lumber Mill | 1 | 120 | / | 0 |
| Blacksmith | 1 | 140 | / | 60 |
| Arcane Vault | 1 | 130 | / | 30 |
| Barracks | 1 | 160 | / | 60 |
| Town Hall | 1 | 385 | / | 205 |
| total: | 15 | 1635g | / | 585w |
| 0:11 | Peasant |
| 0:11 | Peasant |
| 0:12 | Peasant |
| 0:12 | Peasant |
| 0:27 | Altar of Kings |
| 0:33 | Farm |
| 0:51 | Lumber Mill |
| 0:54 | Peasant |
| 0:58 | Peasant |
| 1:09 | Peasant |
| 1:16 | Farm |
| 1:22 | Peasant |
| 1:36 | Peasant |
| 1:42 | Peasant |
| 1:52 | Farm |
| 1:58 | Improved Lumber Harvesting |
| 1:59 | Peasant |
| 2:12 | Blacksmith |
| 2:25 | Arcane Vault |
| 2:36 | Summon Water Elemental |
| 2:39 | Peasant |
| 2:48 | Barracks |
| 3:15 | Brilliance Aura |
| 3:24 | Peasant |
| 3:31 | Scout Tower |
| 4:05 | Rifleman |
| 4:07 | Arcane Tower |
| 4:09 | Farm |
| 4:11 | Black Gunpowder |
| 4:24 | Farm |
| 4:26 | Peasant |
| 4:29 | Improved Masonry |
| 5:01 | Town Hall |
| 5:17 | Rifleman |
| 5:46 | Summon Water Elemental |
| 6:04 | Scout Tower |
| 6:44 | Guard Tower |
| 6:47 | Scout Tower |
| 6:50 | Scout Tower |
| 6:52 | Rifleman |
| 6:53 | Studded Leather Armor |
| 7:13 | Rifleman |
| 7:29 | Peasant |
| 7:30 | Peasant |
| 7:30 | Peasant |
| 7:30 | Peasant |
| 7:30 | Peasant |
| 8:01 | Rifleman |
| Right click | 240 |
| Select | 120 |
| Build/train/purchase | 45 |
| Use ability | 3 |
| Item give/drop | 1 |
| Minimap ping | 1 |

| Scroll of Regeneration | 2 | 200 |
| Lesser Clarity Potion | 1 | 70 |
| total: | 3 | 270g |
| Peasant | 14 | 1050 | / | 0 |
| Footman | 10 | 1350 | / | 0 |
| Rifleman | 1 | 205 | / | 30 |
| total: | 25 | 2605g | / | 30w |
| Scout Tower | 4 | 120 | / | 80 |
| Arcane Tower | 2 | 140 | / | 100 |
| Guard Tower | 2 | 140 | / | 100 |
| Altar of Kings | 1 | 180 | / | 50 |
| Farm | 8 | 640 | / | 160 |
| Barracks | 1 | 160 | / | 60 |
| Arcane Vault | 1 | 130 | / | 30 |
| Town Hall | 1 | 385 | / | 205 |
| Lumber Mill | 1 | 120 | / | 0 |
| Blacksmith | 1 | 140 | / | 60 |
| Keep | 1 | 320 | / | 210 |
| total: | 18 | 1875g | / | 645w |
| 0:03 | Peasant |
| 0:03 | Peasant |
| 0:04 | Peasant |
| 0:08 | Altar of Kings |
| 0:22 | Farm |
| 0:25 | Barracks |
| 0:43 | Peasant |
| 0:52 | Farm |
| 0:58 | Peasant |
| 1:15 | Peasant |
| 1:25 | Peasant |
| 1:27 | Footman |
| 1:31 | Farm |
| 1:38 | Peasant |
| 1:50 | Footman |
| 1:50 | Footman |
| 2:09 | Scout Tower |
| 2:13 | Bash |
| 2:17 | Footman |
| 2:17 | Peasant |
| 2:36 | Footman |
| 2:38 | Peasant |
| 2:45 | Farm |
| 3:00 | Footman |
| 3:09 | Arcane Tower |
| 3:14 | Farm |
| 3:22 | Farm |
| 3:43 | Storm Bolt |
| 3:58 | Farm |
| 4:03 | Peasant |
| 4:11 | Peasant |
| 4:25 | Arcane Vault |
| 4:45 | Town Hall |
| 4:48 | Scout Tower |
| 4:49 | Farm |
| 5:00 | Lumber Mill |
| 5:52 | Arcane Tower |
| 5:54 | Storm Bolt |
| 6:03 | Scout Tower |
| 6:09 | Footman |
| 6:09 | Defend |
| 6:10 | Improved Lumber Harvesting |
| 6:18 | Keep |
| 6:27 | Scroll of Regeneration |
| 6:37 | Scout Tower |
| 6:39 | Guard Tower |
| 6:47 | Improved Masonry |
| 6:52 | Peasant |
| 6:52 | Peasant |
| 6:57 | Footman |
| 7:04 | Footman |
| 7:12 | Blacksmith |
| 7:42 | Footman |
| 8:07 | Guard Tower |
| 8:25 | Rifleman |
| 8:27 | Lesser Clarity Potion |
| 8:30 | Scroll of Regeneration |
| Select group | 334 |
| Right click | 209 |
| Select | 121 |
| Build/train/purchase | 49 |
| Assign group | 20 |
| Misc. action | 15 |
| Use ability | 9 |
| Minimap ping | 4 |
| Item give/drop | 2 |
| Remove unit | 2 |


| Wisp | 20 | 1200 | / | 0 |
| Archer | 7 | 910 | / | 70 |
| Mountain Giant | 1 | 350 | / | 100 |
| Dryad | 2 | 290 | / | 120 |
| total: | 30 | 2750g | / | 290w |
| Ancient Protector | 2 | 270 | / | 160 |
| Altar of Elders | 1 | 180 | / | 50 |
| Moon Well | 5 | 900 | / | 200 |
| Ancient of War | 1 | 150 | / | 60 |
| Ancient of Wonders | 1 | 90 | / | 30 |
| Tree of Life | 1 | 340 | / | 185 |
| Hunter's Hall | 1 | 210 | / | 100 |
| Ancient of Lore | 2 | 310 | / | 290 |
| Ancient of Wind | 1 | 150 | / | 140 |
| Tree of Ages | 1 | 320 | / | 180 |
| total: | 15 | 2600g | / | 1215w |
| 0:18 | Wisp |
| 0:18 | Wisp |
| 0:18 | Wisp |
| 0:47 | Wisp |
| 1:03 | Wisp |
| 1:11 | Altar of Elders |
| 1:17 | Moon Well |
| 1:19 | Wisp |
| 1:19 | Wisp |
| 1:32 | Moon Well |
| 1:42 | Ancient of War |
| 1:53 | Ancient of Wonders |
| 1:58 | Wisp |
| 2:27 | Wisp |
| 2:27 | Wisp |
| 2:36 | Moon Well |
| 2:50 | Archer |
| 2:52 | Archer |
| 2:54 | Wisp |
| 2:58 | Acid Bomb |
| 3:16 | Archer |
| 3:18 | Wisp |
| 3:18 | Wisp |
| 3:32 | Archer |
| 3:38 | Moon Well |
| 3:58 | Archer |
| 4:02 | Tree of Ages |
| 4:18 | Healing Spray |
| 4:42 | Archer |
| 4:45 | Moon Well |
| 5:15 | Tree of Life |
| 5:19 | Hunter's Hall |
| 5:49 | Archer |
| 6:37 | Ancient Protector |
| 6:43 | Ancient of Lore |
| 6:46 | Ancient of Lore |
| 6:49 | Ancient of Wind |
| 6:54 | Ancient Protector |
| 6:57 | Wisp |
| 6:57 | Wisp |
| 7:57 | Chemical Rage |
| 8:24 | Mountain Giant |
| 8:25 | Abolish Magic |
| 8:26 | Dryad |
| 8:57 | Black Arrow |
| 9:00 | Wisp |
| 9:01 | Wisp |
| 9:01 | Wisp |
| 9:06 | Wisp |
| 9:13 | Wisp |
| 10:13 | Dryad |
| Right click | 318 |
| Select | 151 |
| Build/train/purchase | 49 |
| Misc. action | 19 |
| Use ability | 14 |
| Chat | 8 |
| Assign group | 3 |

| Peasant | 16 | 1200 | / | 0 |
| Rifleman | 8 | 1640 | / | 240 |
| total: | 24 | 2840g | / | 240w |
| Scout Tower | 5 | 150 | / | 100 |
| Altar of Kings | 1 | 180 | / | 50 |
| Farm | 9 | 720 | / | 180 |
| Barracks | 1 | 160 | / | 60 |
| Blacksmith | 1 | 140 | / | 60 |
| Town Hall | 1 | 385 | / | 205 |
| Keep | 1 | 320 | / | 210 |
| total: | 18 | 1735g | / | 655w |
| 0:04 | Peasant |
| 0:04 | Peasant |
| 0:05 | Peasant |
| 0:05 | Peasant |
| 0:16 | Altar of Kings |
| 0:38 | Farm |
| 0:40 | Farm |
| 0:52 | Peasant |
| 0:52 | Peasant |
| 0:52 | Peasant |
| 1:22 | Barracks |
| 1:38 | Blacksmith |
| 1:53 | Peasant |
| 1:54 | Peasant |
| 2:28 | Farm |
| 2:29 | Farm |
| 2:30 | Farm |
| 2:43 | Summon Water Elemental |
| 2:50 | Peasant |
| 2:51 | Peasant |
| 2:51 | Peasant |
| 2:51 | Peasant |
| 2:51 | Peasant |
| 2:51 | Peasant |
| 2:58 | Rifleman |
| 3:18 | Rifleman |
| 3:41 | Rifleman |
| 4:28 | Blizzard |
| 4:40 | Town Hall |
| 4:59 | Keep |
| 5:53 | Summon Water Elemental |
| 6:13 | Rifleman |
| 6:13 | Rifleman |
| 6:57 | Rifleman |
| 6:58 | Rifleman |
| 6:58 | Rifleman |
| 7:08 | Scout Tower |
| 7:08 | Scout Tower |
| 7:09 | Scout Tower |
| 7:10 | Scout Tower |
| 7:11 | Scout Tower |
| 7:16 | Farm |
| 7:17 | Farm |
| 7:18 | Farm |
| 7:19 | Farm |
| 7:23 | Peasant |
| Right click | 220 |
| Select | 67 |
| Build/train/purchase | 35 |
| Use ability | 3 |
| Select group | 2 |
| Assign group | 1 |
| Remove unit | 1 |
⇛